 Dungeon Crawl Stone Soup version 0.18-a0-1354-gbc5753f (webtiles) character file.

1813 Ratboiler the Chopper (level 8, -1/49 HPs)
             Began as a Deep Elf Wanderer on Feb 19, 2016.
             Was a Follower of Okawaru.
             Slain by a killer bee (4 damage)
             ... on level 6 of the Dungeon.
             The game lasted 00:18:56 (8318 turns).

Ratboiler the Chopper (Deep Elf Wanderer)           Turns: 8318, Time: 00:18:56

Health: -1/49      AC: 10    Str: 14    XL:     8   Next: 84%
Magic:  14/15      EV: 14    Int: 15    God:    Okawaru [*.....]
Gold:   425        SH:  9    Dex: 18    Spells: 3 memorised, 7 levels left

rFire  . . .     SeeInvis .     a - +1 war axe (chop)
rCold  + . .     Gourm    .     o - +0 ring mail
rNeg   . . .     Faith    .     e - +2 shield
rPois  .         Spirit   .     (no helmet)
rElec  .         Dismiss  .     (no cloak)
rCorr  .         Reflect  .     (no gloves)
SustAt .         Harm     .     k - +0 pair of boots
MR     .....                    (no amulet)
Stlth  +.........               y - +3 ring of evasion
                                w - +4 ring of strength

@: lethally poisoned (-1 -> -3), not resistant to hostile enchantments, very
unstealthy
A: iridescent scales 1, cold resistance 1, low mp 1
a: Heroism, Renounce Religion


You were on level 6 of the Dungeon.
You worshipped Okawaru.
Okawaru was aware of your devotion.
You were not hungry.

You visited 2 branches of the dungeon, and saw 9 of its levels.

You collected 425 gold pieces.

Inventory:

Hand Weapons
 a - a +1 war axe of chopping (weapon)
 b - a +0 war axe
 q - a +1 dagger of pain
 r - a +3 dagger of freezing
 s - a +0 shortbow of freezing
 H - a +2 falchion
Missiles
 i - 5 poisoned needles
 B - 19 arrows
Armour
 c - a +0 robe
 e - a +2 shield (worn)
 k - a +0 pair of boots (worn)
 o - a +0 ring mail (worn)
Jewellery
 g - an uncursed ring of magical power
 j - a +3 ring of protection
 l - an uncursed ring of flight
 p - a +2 ring of protection
 w - a +4 ring of strength (left hand)
 y - a +3 ring of evasion (right hand)
 A - an uncursed ring of protection from cold
 C - an uncursed ring of fire
 K - an uncursed ring of resist corrosion {unknown}
 O - an uncursed ring of sustain attributes
Wands
 E - a wand of lightning (2/15)
 G - a wand of iceblast (8/15)
 N - a wand of lightning (7/15)
 R - a wand of iceblast (5/15)
Scrolls
 f - 2 scrolls of magic mapping {unknown}
 h - 2 scrolls of recharging
 m - a scroll of fog
 n - 2 scrolls of remove curse
 t - a scroll of blinking {unknown}
 u - 3 scrolls of amnesia {unknown}
 v - 2 scrolls of random uselessness {unknown}
 I - 3 scrolls of enchant armour {unknown}
 Q - a scroll of teleportation
Potions
 x - a potion of brilliance
 M - a potion of resistance {unknown}
Books
 F - a book of Battle

   Spells                             Type                      Level
   a - Infusion                       Charms                       1
   b - Shroud of Golubria             Charms/Translocation         2
   c - Song of Slaying                Charms                       2
   d - Spectral Weapon                Hexes/Charms                 3
   e - Regeneration                   Charms/Necromancy            3
Comestibles
 d - 5 bread rations
 z - 3 meat rations
 L - a royal jelly
 P - 2 fruits


   Skills:
 + Level 5.3 Fighting
 - Level 1.7 Long Blades
 * Level 6.0 Axes
 - Level 5.7 Dodging
 - Level 1.2 Stealth
 - Level 4.4 Spellcasting
 + Level 5.7 Charms
 - Level 1.1 Evocations


You had 7 spell levels left.
You knew the following spells:

 Your Spells              Type           Power        Failure   Level  Hunger
a - Song of Slaying       Chrm           ###.....     38%         2    ##.....
b - Regeneration          Chrm/Necr      ##........   100%        3    ###....
c - Spectral Weapon       Hex/Chrm       ##......     100%        3    ###....


Dungeon Overview and Level Annotations

Branches:
Dungeon (8/15)             Temple (1/1) D:5
   Lair: D:8-11

Altars:
Ashenzari
Cheibriados
Dithmenos
Elyvilon
Fedhas
Kikubaaqudgha
Makhleb
Okawaru
Pakellas
Qazlal
Ru
Sif Muna
Vehumet
Xom
Zin

Annotations:
D:5 Ratboiler's ghost, novice DEWn
D:7 Menkaure


Innate Abilities, Weirdness & Mutations

You are partially covered in iridescent scales (AC +4).
Your flesh is cold resistant.
Your magical capacity is low (-10% MP).


Message History

Unknown command.
You hit the killer bee.
The killer bee is almost dead.
You block the killer bee's attack. The killer bee closely misses you.
Unknown command.
You barely miss the killer bee.
The killer bee is almost dead.
You block the killer bee's attack. x2
Unknown command.
You closely miss the killer bee.
The killer bee is almost dead.
You feel like a meek peon again.
You feel sick.
The killer bee stings you but does no damage.
The killer bee closely misses you.
Unknown command.
You hit the killer bee but do no damage.
The killer bee is severely wounded.
The killer bee stings you.
You die...

##################
#................#
##.#############.# #...#
#.# ###.# #.# #.#
#.####### #.# #.......###
#.# ##############...# #.#
#...@.......##...####
#.####.##y............[...
#....#.###.#.####.#.######
#########.#.# #.#.####...#
#.......#.#.# #......##..#
#.#####.#.#.#####.##.##..#
#.# #.#.#.......##.##..#
#.# #.#.##########.###.##
#.# #.#.# #.###..#####


You could see a killer bee.

Vanquished Creatures
  A hippogriff (D:7)
  An orc warrior (D:7)
  A phantom (D:4)
  2 ogres
  2 centaurs (D:7)
  4 giant frogs
  A wyvern skeleton (D:6)
  2 scorpions (D:5)
  4 killer bees
  A giant frog zombie (D:6)
  2 crimson imps (D:5)
  A jelly (D:6)
  2 hounds
  3 iguanas
  2 orc wizards
  A hound skeleton (D:5)
  3 gnolls
  11 adders
  2 shadow imps
  3 oozes
  3 adder zombies
  An adder skeleton (D:5)
  6 worms
  2 giant geckos
  11 orcs
  4 giant cockroaches
  7 goblins
  5 hobgoblins
  5 kobolds
  2 quokkas
  4 ball pythons
  5 bats
  A giant gecko skeleton (D:6)
  6 giant newts
  7 rats
118 creatures vanquished.

Notes
Turn   | Place    | Note
--------------------------------------------------------------
     0 | D:1      | Ratboiler the Deep Elf Wanderer began the quest for the Orb.
     0 | D:1      | Ratboiler set off with: a +2 falchion, 2 potions of lignification, a +0 robe, a bread ration
     0 | D:1      | Reached XP level 1. HP: 12/12 MP: 7/7
   203 | D:1      | Reached XP level 2. HP: 15/17 MP: 9/9
  1052 | D:2      | Reached XP level 3. HP: 18/22 MP: 10/10
  1119 | D:2      | Gained mutation: You are partially covered in iridescent scales (AC +4). [potion of mutation]
  1119 | D:2      | Gained mutation: Your flesh is cold resistant. [potion of mutation]
  1119 | D:2      | Gained mutation: Your magical capacity is low (-10% MP). [potion of mutation]
  1144 | D:2      | HP: 1/33 [poisoned by an adder]
  1824 | D:2      | Reached XP level 4. HP: 22/27 MP: 11/11
  3443 | D:3      | Reached XP level 5. HP: 32/32 MP: 12/12
  3846 | D:4      | Reached skill level 1 in Axes
  3876 | D:4      | Found an ancient bone altar of Kikubaaqudgha.
  4165 | D:4      | Found a shattered altar of Ashenzari.
  4181 | D:4      | Reached skill level 5 in Dodging
  4181 | D:4      | Reached XP level 6. HP: 37/37 MP: 13/13
  4237 | D:4      | Found a shimmering altar of Xom.
  4245 | D:4      | You fall through a shaft for 2 floors!
  4307 | D:5      | Entered Level 5 of the Dungeon
  4384 | D:5      | Found a staircase to the Ecumenical Temple.
  4401 | Temple   | Entered the Ecumenical Temple
  4726 | D:5      | Noticed a sky beast
  4867 | D:5      | Noticed Ratboiler's ghost (novice DEWn)
  5114 | D:4      | Found a burning altar of Makhleb.
  5115 | D:4      | Found an iron altar of Okawaru.
  5118 | D:4      | Became a worshipper of Warmaster Okawaru
  5462 | D:5      | Reached XP level 7. HP: 42/42 MP: 14/14
  5895 | D:5      | Learned a level 2 spell: Song of Slaying
  5899 | D:5      | Learned a level 3 spell: Regeneration
  5903 | D:5      | Learned a level 3 spell: Spectral Weapon
  6214 | D:6      | Reached skill level 1 in Charms
  6525 | D:6      | Reached * piety under Okawaru
  6655 | D:6      | Reached XP level 8. HP: 39/48 MP: 15/15
  7230 | D:7      | Noticed Menkaure
  7511 | D:7      | Found a snail-covered altar of Cheibriados.
  7646 | D:7      | Reached skill level 5 in Axes
  7839 | D:7      | Found a blossoming altar of Fedhas.
  7969 | D:7      | Reached skill level 5 in Fighting
  8077 | D:7      | Reached skill level 5 in Charms
  8298 | D:7      | HP: 1/49 [killer bee (4)]
  8313 | D:6      | Reached skill level 6 in Axes
  8318 | D:6      | Slain by a killer bee

Vault maps used:
D:1:      onia_arrival_mini_maze, minmay_misc_feat_enclosed
D:3:      first_bread
D:4:      yredelemnul_forgotten_temple_becter, cheibrodos_ashenzari_chains,
          minitemple, lemuel_coloured_pillars_altar, xom_teletrap_fun
D:5:      minmay_temple_entry_large_hall
D:7:      fedhas_altar_1, the_bakery, cheibriados_altar_1, uniq_menkaure,
          uniq_joseph
D:8:      grunt_temple_overflow_opulence, kennysheep_mini_moat,
          old_standard_altar, serial_glass, glass_columns_a, glass_columns_a,
          glass_columns_c, glass_columns_b, glass_columns_c, glass_columns_b,
          serial_shops, shop, uniq_pikel, uniq_maurice, uniq_prince_ribbit1
Temple:   jpeg_temple_clearing_9

Action                   |  1- 3 |  4- 6 |  7- 9 || total
-------------------------+-------+-------+-------++-------
Melee: Falchion          |    87 |   293 |   124 ||   504
       War axe           |       |       |   118 ||   118
Invok: Heroism           |       |       |     1 ||     1
Evoke: Wand              |       |     1 |     2 ||     3
  Use: Potion            |     2 |     2 |     4 ||     8
       Scroll            |       |     4 |     5 ||     9
 Stab: Sleeping          |     5 |     2 |     1 ||     8
  Eat: Chunk             |     3 |     7 |     3 ||    13
       Beef jerky        |       |     2 |       ||     2
       Pizza             |       |     1 |       ||     1
       Fruit             |       |     1 |     3 ||     4
       Bread ration      |       |       |     1 ||     1
       Royal jelly       |       |       |     1 ||     1
